 Dungeon Crawl Stone Soup version 0.28.0-53-g5a82cb258f (webtiles) character file.

Game seed: 4794063765943921981

2894 mortz the Conjurer (level 9, -2/68 HPs)
             Began as a Demigod Conjurer on Aug 21, 2022.
             Slain by a komodo dragon (19 damage)
             ... on level 7 of the Dungeon.
             The game lasted 00:45:51 (9048 turns).

mortz the Conjurer (Demigod Conjurer)               Turns: 9048, Time: 00:45:51

Health: -2/68      AC: 10    Str: 14    XL:     9   Next: 24%
Magic:  20/21      EV: 13    Int: 24    God:
Gold:   260        SH:  0    Dex: 20    Spells: 4/19 levels left

rFire   . . .      SeeInvis .   a - +3 short sword (protect) {short}
rCold   . . .      Faith    .   (no shield)
rNeg    . . .      Spirit   .   m - +1 leather armour
rPois   .          Reflect  .   z - +0 helmet
rElec   .          Harm     .   (no cloak)
rCorr   .          Rampage  .   D - +0 pair of gloves
Will    .....                   (no boots)
Stlth   +++.......              (no amulet)
HPRegen 0.21/turn               w - +4 ring of protection
MPRegen 0.17/turn               u - +6 ring of strength

@: about to teleport
A: high MP 1, forlorn, divine attributes
a: no special abilities


You were on level 7 of the Dungeon.
You visited 1 branch of the dungeon, and saw 7 of its levels.

You collected 260 gold pieces.


Innate Abilities, Weirdness & Mutations

You have an increased reservoir of magic. (+10% MP)
You shall have no god before yourself.
Your divine heritage dramatically boosts your attributes as you level up.


   Skills:
 + Level 2.3 Fighting
 + Level 2.4 Short Blades
 - Level 1.0 Maces & Flails
 + Level 2.4 Armour
 + Level 3.3 Dodging
 * Level 6.2 Stealth
 * Level 5.8 Spellcasting
 * Level 6.5 Conjurations
 * Level 3.7 Translocations


You had 4 spell levels left.
You knew the following spells:

 Your Spells              Type           Power      Damage    Failure   Level
a - Magic Dart            Conj           100%       1d8       1%          1
b - Searing Ray           Conj           76%        2d7       1%          2
c - Iskenderun's Mystic   Conj/Tloc      31%        2d8       12%         4
d - Stone Arrow           Conj/Erth      44%        3d9       8%          3
e - Passwall              Tmut/Erth      5%         N/A       16%         2
f - Mephitic Cloud        Conj/Pois/Air  17%        N/A       12%         3

Your spell library contained the following spells:

 Spells                   Type           Power      Damage    Failure   Level
 Apportation              Tloc           50%        N/A       2%          1
 Shock                    Conj/Air       88%        1d8       2%          1
 Dazzling Flash           Conj/Hex       44%        N/A       8%          3
 Sandblast                Erth           12%        2d6       10%         1
 Call Imp                 Summ           6%         N/A       16%         2
 Fulminant Prism          Conj/Hex       11%        3d9       26%         4
 Hailstorm                Conj/Ice       22%        3d7       26%         4
 Swiftness                Air            6%         N/A       30%         3
 Airstrike                Air            3%         N/A       69%         4
 Ice Form                 Ice/Tmut       6%         N/A       69%         4
 Alistair's Intoxication  Tmut/Pois      4%         N/A       95%         5
 Simulacrum               Ice/Necr       3%         N/A       100%        6

Inventory:

Hand Weapons
 a - a +3 short sword of protection (weapon) {short}
   (You took it off a kobold on level 2 of the Dungeon)
 h - a +1 war axe of electrocution {axe}
   (You found it on level 2 of the Dungeon)
 j - the +4 whip "Ocim" {vorpal, rN+ rCorr, mace}
   (You found it on level 4 of the Dungeon)

   It inflicts extra damage upon your enemies.
   rN:        It protects you from negative energy.
   rCorr:     It protects you from acid and corrosion.
 o - a +0 rapier {short}
   (You found it on level 3 of the Dungeon)
 C - a +2 dagger of holy wrath {short}
   (You took it off an orc on level 6 of the Dungeon)
 I - a +1 dagger of speed {short}
   (You took it off a kobold on level 7 of the Dungeon)
Missiles
 f - 3 atropa-tipped darts {throwing}
 E - 10 poisoned darts {throwing}
Armour
 c - a +0 robe
 m - a +1 leather armour (worn)
   (You took it off a hobgoblin on level 2 of the Dungeon)
 z - a +0 helmet (worn)
   (You found it on level 5 of the Dungeon)
 B - a +2 scale mail of poison resistance
   (You took it off Edmund on level 6 of the Dungeon)
 D - a +0 pair of gloves (worn)
   (You found it on level 6 of the Dungeon)
Magical Staves
 g - a staff of earth {!astaff}
   (You found it on level 2 of the Dungeon)
 G - a staff of poison {!astaff}
   (You found it on level 7 of the Dungeon)
Jewellery
 s - a ring of see invisible
   (You found it on level 4 of the Dungeon)
 u - a +6 ring of strength (right hand)
   (You found it on level 3 of the Dungeon)
 w - a +4 ring of protection (left hand)
   (You found it on level 4 of the Dungeon)
 y - a ring of protection from fire
   (You found it on level 5 of the Dungeon)
 F - an amulet of guardian spirit
   (You found it on level 7 of the Dungeon)
 H - a ring of fire
   (You found it on level 7 of the Dungeon)
Wands
 n - a wand of flame (6)
   (You took it off Jessica on level 3 of the Dungeon)
 p - a wand of polymorph (8)
   (You found it on level 6 of the Dungeon)
Scrolls
 i - 2 scrolls of teleportation {@r4}
 A - a scroll of magic mapping {!r}
Potions
 b - 2 potions of mutation {!q}
 d - 3 potions of heal wounds {@q2}
 e - 2 potions of curing {@q1}
 k - a potion of resistance
 l - 2 potions of ambrosia
 q - 2 potions of flight
 r - a potion of berserk rage {!q}
 t - a potion of lignification {unknown}
 v - 2 potions of cancellation
 x - a potion of haste {unknown}

Dungeon Overview and Level Annotations

Branches:
Dungeon (7/15)             Temple (0/1) D:6

Annotations:
D:2 1 runed translucent door, Crazy Yiuf
D:3 Grinder

###### ######### #....#
#####.......### #.##.#
.[..#.#####.#.## #.##.# ###.#.#
#....#####.##.#
#.#.#####.....##......#
###.#.##.......###.#.#..#
......##.##....l@..#.#..#
.##.####.####.######....#########
.##.# #.# #.# ###..........#
....# #.####.## #..#######.#
.#### #..>....## #.<##### #..
.#### ####.....## #......# #..
....## ##......>## ##.###.###..
##...####.........####..........#
#......'.........'..............


You could see a komodo dragon.


Message History

😎 MP[-2]
You lost 2 mp, and now have 19/21 mp.
The searing ray hits the kobold brigand.
The searing ray hits the kobold!
You kill the kobold! 😎 MP[-1]
You lost 1 mp, and now have 18/21 mp.
The searing ray hits the kobold brigand.
The searing ray hits the kobold!
You kill the kobold!
The searing ray hits the kobold. x2
You kill the kobold!
The kobold brigand hits you with a +0 club. 😕 HP[-1] MP[-1]
You take 1 damage, and now have 67/68 hp.
You lost 1 mp, and now have 17/21 mp.
The searing ray hits the kobold brigand!
You kill the kobold brigand!
The searing ray hits the kobold!
You kill the kobold!
You finish channelling your searing ray. 😕 MP[-1]
You lost 1 mp, and now have 16/21 mp.
E - 7 poisoned darts {throwing} (gained 4)
Items here: ( ))). 😎 HP[+1] MP[+5]
Your hp is fully restored (68).
Your mp is fully restored (21).
E - 10 poisoned darts {throwing} (gained 3)
Items here: ( ))) †.
There is a hide-covered altar of Uskayaw here.
Items here: ( )) †.
I - a +1 dagger of speed {short}
Items here: ( ))) †.
Items here: ( ))).
There is an open door here.
There is an open door here.
You see here a +0 scale mail.
There is a stone staircase leading up, spattered with blood here.
There is an open door here.
You open the door.
There is an open door here.
There is a stone staircase leading up here.
Partly explored, can't reach some items and places.
There is a stone staircase leading up here.
The komodo dragon hisses angrily.
Casting: Searing Ray (safe; 1% risk of failure)
Confirm with . or Enter, or press ? or * to list all spells.
Aiming: Searing Ray (safe; 1% risk of failure)
Press: ? - help, Shift-Dir - straight line, f - komodo dragon
Aim: a komodo dragon (86% to hit)
Okay, then.
You puncture the komodo dragon!
Your weapon exudes an aura of protection.
The komodo dragon bites you! 😕 HP[-16]
You take 16 damage, and now have 52/68 hp.
MASSIVE DAMAGE!! (PAUSE)
Casting: Searing Ray (safe; 1% risk of failure)
Confirm with . or Enter, or press ? or * to list all spells.
Aiming: Searing Ray (safe; 1% risk of failure)
Press: ? - help, Shift-Dir - straight line, f - komodo dragon
Aim: a komodo dragon (lightly wounded, 86% to hit)
The searing ray hits the komodo dragon! (Press . to maintain the ray.)
The komodo dragon bites you. 😮 HP[-3] MP[-2]
You take 3 damage, and now have 49/68 hp.
You lost 2 mp, and now have 19/21 mp.
The searing ray hits the komodo dragon.
The komodo dragon bites you!!
* * * LOW HITPOINT WARNING * * *
😨 HP[-21] MP[-1]
You take 21 damage, and now have 28/68 hp.
MASSIVE DAMAGE!! (PAUSE)
You lost 1 mp, and now have 18/21 mp.
The searing ray hits the komodo dragon.
The komodo dragon closely misses you. 😨 MP[-1]
You lost 1 mp, and now have 17/21 mp.
The searing ray hits the komodo dragon but does no damage.
You finish channelling your searing ray.
The komodo dragon bites you!
* * * LOW HITPOINT WARNING * * *
😱 HP[-16] MP[-1]
You take 16 damage, and now have 12/68 hp.
MASSIVE DAMAGE!! (PAUSE)
You lost 1 mp, and now have 16/21 mp. 😱 HP[+1] 😱 MP[+1]
The komodo dragon hisses menacingly. 😱 HP[+1] 😱 MP[+1] 😱 HP[+1]
There is an open door here. 😱 MP[+1]
There is a stone staircase leading down here. 😱 HP[+1] 😱 HP[+1] MP[+1]
As you read the scroll of teleportation {@r4}, it crumbles to dust.
You feel strangely unstable. The komodo dragon bites you!!
You die...

Skill      XL: |  1  2  3  4  5  6  7  8  9 |
---------------+----------------------------+-----
Stealth        | 2 3 4 5 6 |  6.2
Conjurations   | 4 5 6 |  6.5
Dodging        | 2 3 |  3.3
Spellcasting   | 2 3 4 5 |  5.8
Maces & Flails | 1 |  1.0
Translocations | 2 3 |  3.7
Fighting       | 1 2 |  2.3
Short Blades   | 1 2 |  2.4
Armour         | 2 |  2.4

Action                   |  1- 3 |  4- 6 |  7- 9 || total
-------------------------+-------+-------+-------++-------
Melee: Whip              |    18 |       |       ||    18
       Short sword       |     8 |     1 |    23 ||    32
       Rapier            |       |     3 |     5 ||     8
 Cast: Magic Dart        |    26 |    13 |    31 ||    70
       Searing Ray       |    22 |    20 |    61 ||   103
  Use: Scroll            |       |       |    16 ||    16
 Stab: Sleeping          |     4 |     4 |    16 ||    24
Armor: Robe              |     9 |     5 |       ||    14
       Leather armour    |       |       |    27 ||    27
Dodge: Dodged            |    28 |    27 |    54 ||   109

Levels and vault maps discovered:
D:1:      tarquinn_simple_flora_water_d, layout_rooms
D:2:      layout_basic, shapermc_ecumenical_altar_gd, minmay_vboxes,
          uniq_natasha, uniq_crazy_yiuf_cottage
D:3:      layout_loops_cross, kennysheep_cross_room, uniq_grinder, uniq_jessica
D:4:      layout_loops_cross, nicolae_dithmenos_shadow_blocks, uniq_sigmund
D:5:      layout_loops_ring, minmay_misc_feat_columns, grunt_decor_mini_mirrors
D:6:      layout_basic, minmay_temple_entry_trees, uniq_edmund, uniq_pikel
D:7:      layout_loops_corners, nicolae_uskayaw_dance_studio,
          chequers_temple_overflow_statue_of_worship,
          mainiacjoe_overflow_two_lobes, serial_park_tiny_1

Notes
Turn   | Place    | Note
-------+----------+-------------------------------------------
     0 | D:1      | mortz the Demigod Conjurer began the quest for the Orb.
     0 | D:1      | Reached XP level 1. HP: 14/14 MP: 5/5
     0 | D:1      | magus.rc [v1.9.6]
   180 | D:1      | Reached skill level 2 in Stealth
   211 | D:1      | Reached XP level 2. HP: 13/20 MP: 1/7
   214 | D:1      | Learned a level 2 spell: Searing Ray
   559 | D:1      | Reached skill level 4 in Conjurations
   802 | D:1      | Reached skill level 2 in Dodging
  1108 | D:2      | Reached XP level 3. HP: 22/26 MP: 4/8
  1181 | D:2      | Reached skill level 2 in Spellcasting
  2092 | D:2      | Noticed Natasha
  2102 | D:2      | Killed Natasha
  2103 | D:2      | Reached XP level 4. HP: 33/33 MP: 5/10
  2146 | D:2      | Noticed Natasha
  2201 | D:2      | Killed Natasha
  2202 | D:2      | Reached skill level 3 in Stealth
  2219 | D:2      | Noticed Natasha
  2243 | D:2      | Killed Natasha
  2513 | D:2      | Reached XP level 5. HP: 28/38 MP: 6/12
  2780 | D:2      | Found a runed translucent door.
  2781 | D:2      | Noticed Crazy Yiuf
  2960 | D:3      | Noticed Jessica
  2961 | D:3      | Killed Jessica
  2962 | D:3      | Reached skill level 3 in Spellcasting
  3077 | D:3      | You fall into a shaft and drop 3 floors!
  3230 | D:6      | Noticed a water moccasin
  3238 | D:6      | Killed a water moccasin
  3239 | D:6      | Reached XP level 6. HP: 33/45 MP: 5/14
  3383 | D:6      | Reached skill level 4 in Stealth
  3478 | D:5      | Entered Level 5 of the Dungeon
  3488 | D:4      | Reached skill level 1 in Maces & Flails
  3493 | D:4      | Learned a level 4 spell: Iskenderun's Mystic Blast
  3605 | D:4      | Reached skill level 5 in Conjurations
  3662 | D:4      | Reached XP level 7. HP: 43/51 MP: 6/16
  3995 | D:4      | Noticed Sigmund
  3999 | D:4      | Reached skill level 1 in Translocations
  4409 | D:3      | Noticed Grinder
  4698 | D:3      | You pick up a book of Party Tricks and begin reading...
  4698 | D:3      | You add the spells Apportation and Alistair's Intoxication
                  | to your library.
  4709 | D:3      | Reached skill level 1 in Fighting
  5042 | D:4      | Identified the +4 whip "Ocim" {vorpal, rN+ rCorr}
  5417 | D:4      | Killed Sigmund
  5418 | D:4      | Reached skill level 1 in Short Blades
  5418 | D:4      | Reached skill level 5 in Stealth
  5418 | D:4      | Reached skill level 4 in Spellcasting
  5516 | D:4      | You pick up a book of Geomancy and begin reading...
  5516 | D:4      | You add the spells Sandblast, Passwall and Stone Arrow to
                  | your library.
  5521 | D:4      | Learned a level 3 spell: Stone Arrow
  5524 | D:4      | Learned a level 2 spell: Passwall
  5904 | D:5      | Reached skill level 2 in Translocations
  5904 | D:5      | Reached XP level 8. HP: 47/59 MP: 11/18
  6266 | D:5      | Reached skill level 1 in Armour
  6700 | D:5      | You pick up a book of Minor Magic and begin reading...
  6700 | D:5      | You add the spells Call Imp and Mephitic Cloud to your
                  | library.
  6705 | D:5      | Learned a level 3 spell: Mephitic Cloud
  6891 | D:6      | Noticed Edmund
  6906 | D:6      | Killed Edmund
  6907 | D:6      | Reached skill level 2 in Fighting
  7246 | D:6      | Found a staircase to the Ecumenical Temple.
  7307 | D:6      | Reached skill level 5 in Spellcasting
  7307 | D:6      | Reached skill level 6 in Conjurations
  7341 | D:6      | Noticed Pikel
  7624 | D:6      | Killed Pikel
  7625 | D:6      | Reached skill level 2 in Short Blades
  7625 | D:6      | Reached skill level 2 in Armour
  7625 | D:6      | Reached skill level 3 in Dodging
  7625 | D:6      | Reached skill level 3 in Translocations
  7825 | D:6      | You pick up a book of the Tundra and begin reading...
  7825 | D:6      | You add the spells Hailstorm, Ice Form and Simulacrum to
                  | your library.
  8018 | D:6      | Reached XP level 9. HP: 62/67 MP: 12/21
  8121 | D:7      | Noticed a komodo dragon
  8307 | D:7      | You pick up a book of Air and begin reading...
  8307 | D:7      | You add the spells Shock, Swiftness and Airstrike to your
                  | library.
  8318 | D:7      | Reached skill level 6 in Stealth
  9024 | D:7      | HP: 12/68 [komodo dragon (16)]
  9048 | D:7      | Slain by a komodo dragon

Vanquished Creatures
  Pikel (D:6)
  Sigmund (D:4)
  Edmund (D:6)
  2 water moccasins
  An orc warrior (D:6)
  3 necrophages
  3 ogres
  A centaur (D:6)
  3 lemures (D:6)
  A kobold brigand (D:7)
  4 bullfrogs
  A water moccasin skeleton (D:7)
  A bullfrog zombie (D:4)
  A centaur zombie (D:7)
  A gnoll shaman (D:5)
  3 hounds
  3 jellies
  2 orc priests (D:6)
  4 centaur skeletons
  Jessica (D:3)
  An iguana (D:6)
  3 orc wizards
  Natasha (thrice) (D:2)
  A killer bee zombie (D:7)
  11 gnolls (D:5)
  5 adders
  An adder skeleton (D:4)
  4 dart slugs
  15 orcs
  9 ball pythons
  7 endoplasms
  3 giant cockroaches
  6 goblins
  6 hobgoblins
  8 quokkas
  8 bats
  4 frilled lizards (D:1)
  16 kobolds
  4 rats
153 creatures vanquished.

Vanquished Creatures (others)
  11 demonic plants (D:2)
  7 fungi (D:2)
  5 plants (D:2)
  3 withered plants (D:2)
26 creatures vanquished.

Grand Total: 179 creatures vanquished

Table legend:
 A = Non-vault XP
 B = Vault XP
 C = Vault XP percentage of total XP
 D = Non-vault monster count
 E = Vault monster count
 F = Vault count percentage of total count
                 A         B        C        D         E       F
            +---------+---------+-------+---------+---------+-------
      Total |    2938 |    1197 |  28.9 |     131 |      19 |  12.7
            +---------+---------+-------+---------+---------+-------
        D:1 |      41 |       0 |   0.0 |      27 |       0 |   0.0
        D:2 |     161 |      48 |  23.0 |      21 |       7 |  25.0
        D:3 |      58 |      37 |  38.9 |      14 |       1 |   6.7
        D:4 |     498 |     238 |  32.3 |      23 |       1 |   4.2
        D:5 |     671 |       0 |   0.0 |      20 |       0 |   0.0
        D:6 |     920 |     764 |  45.4 |      16 |       2 |  11.1
        D:7 |     589 |     110 |  15.7 |      10 |       8 |  44.4
            +---------+---------+-------+---------+---------+-------

Illustrated notes

Table legend:
 A = Kills in this place as a percentage of kills in entire the game.
 B = Kills by you in this place as a percentage of kills by you in the entire game.
 C = Kills by friends in this place as a percentage of kills by friends in the entire game.
 D = Other kills in this place as a percentage of other kills in the entire game.
 E = Experience gained in this place as a percentage of experience gained in the entire game.
 F = Experience gained in this place divided by the number of levels of this place that you have seen.
                   A       B       C       D       E      F
               +-------+-------+-------+-------+-------+----------------------
         Total | 100.0 | 100.0 |   N/A |   N/A | 100.0 | 590.7
       Dungeon | 100.0 | 100.0 |   N/A |   N/A | 100.0 | 590.7
               +-------+-------+-------+-------+-------+----------------------

Table legend: (Time is in decaauts)
 A = Elapsed time spent in this place.
 B = Non-inter-level travel time spent in this place.
 C = Inter-level travel time spent in this place.
 D = Time resting spent in this place.
 E = Time spent auto-exploring this place.
 F = Levels seen in this place.
 G = Mean time per level.
                   A        B        C        D        E       F      G
               +--------+--------+--------+--------+--------+-----+--------+
         Total |   9049 |   8875 |    174 |    410 |   6927 |   7 | 1292.7 |
       Dungeon |   9049 |   8875 |    174 |    410 |   6927 |   7 | 1292.7 |
               +--------+--------+--------+--------+--------+-----+--------+

Top non-repeatable levels by time:
     D:2: 1760 daAuts
     D:6: 1654 daAuts
     D:5: 1225 daAuts
     D:4: 1223 daAuts
     D:1: 1194 daAuts
     D:3: 1053 daAuts
     D:7: 938 daAuts
